 Dungeon Crawl Stone Soup version 0.22-a0-322-g60b3cfd402 (webtiles) character file.

94 MirrMurr the Ducker (level 4, -3/34 HPs)
             Began as a Spriggan Berserker on Apr 2, 2018.
             Was a Believer of Trog.
             Slain by a gnoll
             ... wielding a +0 club
              (8 damage)
             ... on level 3 of the Dungeon.
             The game lasted 00:04:13 (2351 turns).

MirrMurr the Ducker (Spriggan Berserker)            Turns: 2351, Time: 00:04:14

Health: -3/34      AC:  2    Str: 19    XL:     4   Next: 38%
Magic:  5/5        EV: 20    Int:  8    God:    Trog [**....]
Gold:   178        SH:  0    Dex: 15    Spells: 3/3 levels left

rFire    . . .     SeeInvis +   a - +1 falchion
rCold    . . .     Gourm    .   (shield restricted)
rNeg     . . .     Faith    .   f - +0 robe
rPois    .         Spirit   .   (helmet restricted)
rElec    .         Reflect  .   (no cloak)
rCorr    .         Harm     .   (gloves unavailable)
MR       .....                  (boots unavailable)
Stlth    ..........             (no amulet)
HPRegen  0.11/turn              (no ring)
MPRegen  0.09/turn              (no ring)

@: berserking, very quick
A: very small, unfitting armour, see invisible, herbivore, speed 3, slow
metabolism 2
a: Berserk, Trog's Hand, Renounce Religion


You were on level 3 of the Dungeon.
You worshipped Trog.
Trog was pleased with you.
You were very hungry.

You visited 1 branch of the dungeon, and saw 3 of its levels.

You collected 178 gold pieces.

Inventory:

Hand Weapons
 a - a +1 falchion (weapon)
Missiles
 b - 14 poisoned needles
 i - 29 stones (quivered)
 m - 17 bolts
Armour
 f - a +0 robe (worn)
Jewellery
 e - an uncursed ring of protection from cold {unknown}
Scrolls
 d - 2 scrolls of magic mapping
 r - 3 scrolls of remove curse
Potions
 g - a potion of flight {unknown}
 h - a potion of brilliance
 l - a potion of haste {unknown}
 n - 2 potions of might
Comestibles
 c - 3 rations


   Skills:
 - Level 2.4 Fighting
 * Level 3.5 Long Blades
 + Level 5.4 Dodging
 + Level 2.9 Stealth


You had 3 spell levels left.
You didn't know any spells.

Dungeon Overview and Level Annotations

Branches:
Dungeon (3/15)

Altars:
Zin


Innate Abilities, Weirdness & Mutations

You are very small and have problems with some larger weapons.
You are too small for most types of armour.
You have supernaturally acute eyesight. (SInv)
You are a herbivore.
You cover ground extremely quickly.
You need to consume almost no food.


Message History

You start resting.
You recover from your berserk rage.
You start resting.
HP restored.
You climb downwards.
The gnoll misses you. The gnoll hits you with a club!
The gnoll closely misses you. The gnoll hits you with a club!
There is a stone staircase leading up, spattered with blood here.
You are too injured to fight recklessly!
You are too injured to fight recklessly!
You are too injured to fight recklessly!
You are too injured to fight recklessly!
A red film seems to cover your vision as you go berserk!
You feel yourself moving faster!
You feel mighty!
You are feeling very hungry.
The gnoll hits you with a spear!
* * * LOW HITPOINT WARNING * * *
You hit the gnoll.
The gnoll is heavily wounded.
The gnoll hits you with a club!
You die...

########### #.........#
#.........###### .
####.......g........
...####)........@.........
....).).##.....g...#######
...#######.....#####
...#######..##.##
....#...........#
......l#..8..#..#
....$..##...##..#
......l#######..# ...!...#
#..#


You could see 2 gnolls.

Vanquished Creatures
  4 adders (D:2)
  2 gnolls (D:3)
  A dart slug (D:1)
  2 leopard geckos
  An orc (D:3)
  7 bats
  7 hobgoblins
  A quokka (D:2)
  5 frilled lizards
  3 kobolds
  5 rats
38 creatures vanquished.

Notes
Turn   | Place    | Note
-------+----------+-------------------------------------------
     0 | D:1      | MirrMurr the Spriggan Berserker began the quest for the Orb.
     0 | D:1      | Reached XP level 1. HP: 11/11 MP: 2/2
   298 | D:1      | Reached skill level 1 in Stealth
   642 | D:1      | Reached XP level 2. HP: 12/16 MP: 3/3
  1078 | D:2      | Reached XP level 3. HP: 19/19 MP: 4/4
  1144 | D:2      | Reached skill level 5 in Dodging
  1150 | D:2      | Found a glowing silver altar of Zin.
  1435 | D:2      | Reached ** piety under Trog
  1905 | D:2      | Reached XP level 4. HP: 23/23 MP: 5/5
  2351 | D:3      | Slain by a gnoll

Vault maps used:
D:1:      matt_arrival_los_fun
D:2:      lemuel_crystal_altar
D:3:      mrwooster_statue_mirror

Skill      XL: |  1  2  3 |
---------------+----------+-----
Stealth        | 1 2 |  2.9
Long Blades    | 3 |  3.5
Dodging        | 5 |  5.4
Fighting       | |  2.4

Action                   |  1- 3 |  4- 6 || total
-------------------------+-------+-------++-------
Melee: Falchion          |    94 |    22 ||   116
Invok: Berserk           |       |     2 ||     2
  Use: Scroll            |     2 |     6 ||     8
 Stab: Sleeping          |     9 |     1 ||    10
Armor: Robe              |     5 |     5 ||    10
       Animal skin       |     1 |       ||     1
Dodge: Dodged            |    90 |    33 ||   123
       Rpst.: Falchion   |    29 |     7 ||    36

Table legend:
 A = Spawn XP
 B = Non-spawn XP
 C = Spawn XP percentage of total XP
 D = Spawn monster count
 E = Non-spawn monster count
 F = Spawn count percentage of total count
 G = Total turns spent on level
                    A         B        C        D         E        F      G
               +---------+---------+-------+---------+---------+-------+---------
         Total |       0 |     135 |   0.0 |       0 |      38 |   0.0 |  2351
               +---------+---------+-------+---------+---------+-------+---------
           D:1 |       0 |      23 |   0.0 |       0 |      14 |   0.0 |  1054
           D:2 |       0 |      76 |   0.0 |       0 |      18 |   0.0 |  1188
           D:3 |       0 |      36 |   0.0 |       0 |       6 |   0.0 |   109
               +---------+---------+-------+---------+---------+-------+---------
